cohdb
Replays
Latest Replays
All Replays
Popular Replays
Top Player Replays
Match Explorer
How It Works
Community
CoH3 Stats
Reddit
Sign in to upload your games and track your stats! →
Sign in with Steam
Match 41533102
Unlisted
Match 41533102
Overview
Messages
Build Orders
End
Vickers Machine Gun Team
Construct Section Command Post
Selects Indian Artillery Battlegroup
Dingo Light Scout Car
Infantry Section
Infantry Section
Construct Platoon Command Post
Construct Field Infirmary
Humber Armored Car
Selects Valour
6-pounder Anti-tank Gun Team
BeerGrills
Pickelhaube Enthusiast
0
0
Comments
sign in to comment!
No comments posted yet!